 Dungeon Crawl Stone Soup version 0.19.0-20-gbc5f0c6 (console) character file.

513 Jesseh the Basher (level 7, 58/58 HPs)
             Began as a Minotaur Berserker on Nov 16, 2016.
             Was a Priest of Trog.
             Quit the game on level 4 of the Dungeon.
             The game lasted 00:20:07 (2598 turns).

Jesseh the Basher (Minotaur Berserker)              Turns: 2598, Time: 00:20:07

Health: 58/58      AC:  7    Str: 22    XL:     7   Next: 0%
Magic:  6/6        EV: 11    Int:  4    God:    Trog [***...]
Gold:   121        SH:  0    Dex: 11    Spells: 0 memorised, 6 levels left

rFire  . . .     SeeInvis .     C - +0 morningstar
rCold  . . .     Gourm    .     d - +1 ring mail
rNeg   . . .     Faith    .     (no shield)
rPois  .         Spirit   .     i - +0 hat
rElec  .         Reflect  .     w - +0 cloak
rCorr  .         Harm     .     (no gloves)
MR     .....                    (no boots)
Stlth  +.........               (no amulet)
                                (no ring)
                                (no ring)

@: no status effects
A: retaliatory headbutt, horns 2
a: Berserk, Trog's Hand, Burn Spellbooks, Renounce Religion


You were on level 4 of the Dungeon.
You worshipped Trog.
Trog was most pleased with you.
You were not hungry.

You visited 1 branch of the dungeon, and saw 4 of its levels.

You collected 121 gold pieces.


Innate Abilities, Weirdness & Mutations

You reflexively headbutt those who attack you in melee.
You have a pair of horns on your head.


   Skills:
 - Level 3.7 Fighting
 * Level 9.5 Maces & Flails
 - Level 2.4 Armour
 - Level 2.1 Dodging
 + Level 0.1 Stealth


You had 6 spell levels left.
You didn't know any spells.

Inventory:

Hand Weapons
 a - a +0 mace
 C - a +0 morningstar (weapon)
 G - a +0 spear
 H - a +0 whip
Armour
 b - a +0 animal skin
 d - a +1 ring mail (worn)
 f - a +1 animal skin
 i - a +0 hat (worn)
 w - a +0 cloak (worn)
 z - a +3 leather armour
Jewellery
 j - a cursed ring of loudness {unknown}
 n - an uncursed amulet of magic regeneration {unknown}
 y - a +5 ring of dexterity {unknown}
 D - a cursed ring of teleportation
 E - an uncursed amulet of faith {unknown}
Wands
 c - a wand of flame (37/48)
 o - a wand of disintegration (10/24)
Scrolls
 e - a scroll of identify
 k - a scroll of teleportation {unknown}
 q - a scroll of immolation
 t - 2 scrolls of enchant armour
 x - a scroll of recharging {unknown}
 B - 2 scrolls of remove curse {unknown}
 F - a scroll of magic mapping {unknown}
 J - a scroll of fog {unknown}
Potions
 g - a potion of curing {unknown}
 m - 2 potions of lignification {unknown}
 p - 2 potions of might
 s - a potion of resistance {unknown}
 u - a potion of cancellation {unknown}
 v - a potion of heal wounds {unknown}
 A - 2 potions of ambrosia {unknown}
 I - a potion of flight {unknown}
Comestibles
 h - a meat ration
 l - a chunk of flesh
 r - a bread ration
 K - a beef jerky


Message History

J - a scroll labeled ORI JOOFRUDAO
K - a beef jerky You see here a ring mail.
Some of the chunks of flesh in your inventory have rotted away.
Found a stone staircase leading down.
A howler monkey comes into view.
The howler monkey howls!
You bludgeon the howler monkey!!
You kill the howler monkey!
Trog accepts your kill.
You have reached level 7!
Unknown command.
Unknown command.
Save game and exit?
Welcome back, Jesseh the Minotaur Berserker.
Trog says: Kill them all!
Press ? for a list of commands and other information.
You start waiting.
Some of the chunks of flesh in your inventory have rotted away.
Are you sure you want to abandon this character and quit the game? (Confirm with "yes".)

### #.. #.#
#.# #.# ##@#
# #..#
#.##.#####..#
#..........>#
####.########
#.# #######
#.# #.....#
#.# #.###.#
#.#


There were no monsters in sight!

Vanquished Creatures
  Sigmund (D:3)
  A howler monkey (D:4)
  An orc priest (D:3)
  An orc wizard (D:3)
  Ijyb (D:2)
  Natasha (D:2)
  Robin (D:2)
  4 adders
  5 gnolls
  4 worms
  4 dart slugs
  4 leopard geckos
  5 orcs (D:3)
  A ball python (D:1)
  10 bats
  3 giant cockroaches
  13 goblins
  12 hobgoblins
  3 jackals (D:1)
  11 kobolds
  3 frilled lizards
  6 rats
95 creatures vanquished.

Vanquished Creatures (others)
  A goblin (D:2)
1 creature vanquished.

Grand Total: 96 creatures vanquished

Notes
Turn   | Place    | Note
-------+----------+-------------------------------------------
     0 | D:1      | Jesseh the Minotaur Berserker began the quest for the Orb.
     0 | D:1      | Reached XP level 1. HP: 19/19 MP: 0/0
    77 | D:1      | Reached skill level 4 in Maces & Flails
   174 | D:1      | Reached XP level 2. HP: 22/27 MP: 1/1
   401 | D:1      | Reached skill level 5 in Maces & Flails
   401 | D:1      | Reached XP level 3. HP: 29/33 MP: 2/2
   618 | D:1      | Reached ** piety under Trog
   782 | D:2      | Noticed Robin
   796 | D:2      | Killed Robin
  1085 | D:2      | Reached XP level 4. HP: 35/40 MP: 3/3
  1138 | D:2      | Reached skill level 6 in Maces & Flails
  1327 | D:2      | Noticed Ijyb
  1330 | D:2      | Noticed Natasha
  1336 | D:2      | Killed Ijyb
  1341 | D:2      | Killed Natasha
  1341 | D:2      | Reached skill level 7 in Maces & Flails
  1341 | D:2      | Reached XP level 5. HP: 46/46 MP: 4/4
  1345 | D:2      | Found a white marble altar of Elyvilon.
  1594 | D:3      | Reached *** piety under Trog
  1612 | D:3      | Reached skill level 8 in Maces & Flails
  1755 | D:3      | Reached XP level 6. HP: 17/52 MP: 5/5
  2068 | D:3      | Noticed Sigmund
  2222 | D:3      | Killed Sigmund
  2222 | D:3      | Reached skill level 9 in Maces & Flails
  2537 | D:4      | Reached XP level 7. HP: 58/58 MP: 6/6
  2598 | D:4      | Quit the game

Vault maps used:
D:1:      dpeg_arrival_tiny_a
D:2:      elyvilon_altar_5, uniq_natasha, uniq_iyjb, uniq_robin
D:3:      uniq_crazy_yiuf_cottage, uniq_sigmund
D:4:      first_bread

Action                   |  1- 3 |  4- 6 |  7- 9 || total
-------------------------+-------+-------+-------++-------
Melee: Mace              |    73 |    96 |       ||   169
       Headbutt          |    10 |    25 |       ||    35
       Morningstar       |       |    34 |       ||    34
Invok: Berserk           |     1 |     4 |       ||     5
       Trog's Hand       |       |     1 |       ||     1
  Use: Scroll            |       |     3 |       ||     3
  Eat: Chunk             |     1 |     3 |       ||     4
       Bread ration      |     1 |     1 |       ||     2
Armor: Ring mail         |    26 |    59 |       ||    85
Dodge: Dodged            |    41 |    78 |       ||   119
